 Dungeon Crawl Stone Soup version 0.31-a0-986-g5e6e4ef867 (webtiles) character file.

Game seed: 10023426553210929234

1550753 RepHenryClay the Intangible (level 25, 131/136 HPs)
             Began as a Deep Elf Conjurer on Nov 23, 2023.
             Was the Champion of Vehumet.
             Escaped with the Orb
             ... and 3 runes on Nov 24, 2023!
             The game lasted 02:46:12 (77363 turns).

RepHenryClay the Intangible (Deep Elf Conjurer)    Turns: 77363, Time: 02:46:12

Health: 131/136    AC: 13    Str:  6    XL:     25   Next: 42%
Magic:  44/44      EV: 48    Int: 38    God:    Vehumet [******]
Gold:   4365       SH:  0    Dex: 26    Spells: 6/54 levels left

rFire   + + .        a - +3 Elemental Staff {ele, rElec rF+ rC+ AC+3}
rCold   + + .        (no shield)
rNeg    + . .        f - +2 robe of Virtue {rPois rF+ Int+2}
rPois   +            c - +0 mask of the Dragon {Will+ Slay+3 SInv}
rElec   +            y - +1 cloak of Starlight {*Dazzle EV+4 Stlth--}
rCorr   .            e - +0 pair of fencer's gloves {Riposte Dex+3}
SInv    +            h - +2 pair of boots {Fly}
Will    ++++.        I - macabre finger necklace {Finger+ rN+}
Stlth   +            F - +5 ring of evasion
HPRegen 0.42/turn    P - +6 ring of intelligence
MPRegen 0.29/turn    S - ring "Iggameu" {rC+ Will+ Dex+6}

%: no passive effects
@: flying, studying 2 skills
A: deterioration 1
0: Orb of Zot
}: 3/15 runes: barnacled, silver, gossamer
a: Renounce Religion


You escaped.
You worshipped Vehumet.
Vehumet was exalted by your worship.
You visited 10 branches of the dungeon, and saw 48 of its levels.
You visited 1 bazaar.
You also visited: Trove, Gauntlet and Wizlab.

You collected 9053 gold pieces.
You spent 4688 gold pieces at shops.

Inventory:

Hand Weapons
 a - the +3 Elemental Staff (weapon) {ele, rElec rF+ rC+ AC+3}
   (You found it on level 12 of the Dungeon)

   AC+3:      It affects your AC (+3).
   rF+:       It protects you from fire.
   rC+:       It protects you from cold.
   rElec:     It insulates you from electricity.
Missiles
 k - 3 throwing nets
Armour
 c - the +0 mask of the Dragon (worn) {Will+ Slay+3 SInv}
   (You found it on level 3 of the Elven Halls)

   Slay+3:    It affects your accuracy & damage with ranged weapons and melee
   (+3).
   Will+:     It increases your willpower.
   SInv:      It lets you see invisible.
 e - the +0 pair of fencer's gloves (worn) {Riposte Dex+3}
   (You found it on level 2 of the Depths)

   Riposte:   It allows the wearer to riposte with melee weapons, swiftly
   retaliating against missed or blocked melee attacks.
   Dex+3:     It affects your dexterity (+3).
 f - the +2 robe of Virtue (worn) {rPois rF+ Int+2}
   (You bought it in a shop on level 2 of the Orcish Mines)

   Int+2:     It affects your intelligence (+2).
   rF+:       It protects you from fire.
   rPois:     It protects you from poison
 h - a +2 pair of boots of flying (worn)
 p - a +1 cloak of poison resistance
 y - the +1 cloak of Starlight (worn) {*Dazzle EV+4 Stlth--}
   (You acquired it on level 4 of the Spider Nest)

   *Dazzle:   It may blind those who miss an attack against the wearer in melee
   combat.
   EV+4:      It affects your evasion (+4).
   Stlth--:   It makes you much less stealthy.
Magical Staves
 U - a staff of conjuration
 Y - a staff of poison
Jewellery
 j - the ring of Ifeedd {rF+ Str+2 Dex+2}
   (You found it on level 3 of the Depths)

   [ring of protection from fire]

   Str+2:     It affects your strength (+2).
   Dex+2:     It affects your dexterity (+2).
   rF+:       It protects you from fire.
 u - a ring of protection from cold
 v - a ring of resist corrosion
 B - a +6 ring of intelligence
 F - a +5 ring of evasion (left hand)
 I - the macabre finger necklace (around neck) {Finger+ rN+}
   (You took it off an ironbound thunderhulk on level 3 of the Vaults)

   [amulet of nothing]

   Finger+:   It enables you to equip an extra ring.
   rN+:       It protects you from negative energy.
 L - a ring of willpower
 N - an amulet of regeneration
 P - a +6 ring of intelligence (right hand)
 S - the ring "Iggameu" (on amulet) {rC+ Will+ Dex+6}
   (You bought it in a shop on level 1 of the Elven Halls)

   [ring of dexterity]

   Dex+6:     It affects your dexterity (+6).
   rC+:       It protects you from cold.
   Will+:     It increases your willpower.
 V - the amulet "Zejaraxi" {RegenMP Drain rC+ Dex+2 Slay+3}
   (You found it on level 4 of the Shoals)

   [amulet of magic regeneration]

   RegenMP:   It increases your rate of magic regeneration.
   Dex+2:     It affects your dexterity (+2).
   Slay+3:    It affects your accuracy & damage with ranged weapons and melee
   (+3).
   rC+:       It protects you from cold.
   Drain:     It drains your maximum health when unequipped.
 X - a +5 ring of evasion
Wands
 r - a wand of iceblast (54)
 s - a wand of mindburst (24)
 D - a wand of charming (58)
 K - a wand of acid (3)
 R - a wand of digging (3)
Scrolls
 i - 12 scrolls of immolation
 l - a scroll of blinking
 m - 5 scrolls of teleportation
 n - 8 scrolls of enchant weapon
 o - 11 scrolls of amnesia
 t - 27 scrolls of identify {@r1}
 C - 3 scrolls of fear
 G - 5 scrolls of brand weapon
 H - 2 scrolls of revelation
 O - 2 scrolls of butterflies
 Q - 3 scrolls of enchant armour
 T - 9 scrolls of poison
 Z - 4 scrolls of fog
Potions
 b - 18 potions of curing
 d - 9 potions of invisibility
 g - 5 potions of enlightenment
 q - 4 potions of magic
 w - 8 potions of might
 x - 9 potions of brilliance
 z - 2 potions of heal wounds
 A - 5 potions of lignification
 E - 7 potions of mutation
 J - 3 potions of haste
 M - 6 potions of resistance
 W - 10 potions of attraction


   Skills:
 + Level 7.6 Fighting
 - Level 4.0 Short Blades
 - Level 12.0 Staves
 O Level 27 Dodging
 - Level 5.0 Stealth
 - Level 15.2 Spellcasting
 + Level 24.9 Conjurations
 - Level 8.0 Translocations
 - Level 10.0 Fire Magic
 - Level 6.0 Ice Magic
 + Level 24.6 Air Magic
 - Level 10.0 Earth Magic
 - Level 10.0 Evocations


You had 6 spell levels left.
You knew the following spells:

 Your Spells              Type           Power      Damage    Failure   Level
a - Plasma Beam           Fire/Air       75%        2x1d93    1%          6
b - Maxwell's Capacitive  Air            72%        ∞         1%          8
c - Iskenderun's Mystic   Conj/Tloc      100%       2d19      0%          4
d - Freezing Cloud        Conj/Ice/Air   77%        6-21      0%          5
e - Mephitic Cloud        Conj/Pois/Air  100%       N/A       0%          3
f - Arcjolt               Conj/Air       72%        1d82      0%          5
g - Chain Lightning       Conj/Air       72%        3d96      1%          9
h - Bombard               Conj/Erth      63%        9d10      1%          6
Q - Blink                 Tloc           100%       N/A       1%          2

Your spell library contained the following spells:

 Spells                   Type           Power      Damage    Failure   Level
 Fire Storm               Conj/Fire      63%        8d16      24%         9
 Shatter                  Erth           51%        3d39*     99%         9
 Foxfire                  Conj/Fire      100%       2x1d9     0%          1
 Magic Dart               Conj           100%       1d8       0%          1
 Momentum Strike          Conj/Tloc      100%       3d10      0%          2
 Poisonous Vapours        Pois/Air       100%       N/A       0%          2
 Searing Ray              Conj           100%       2d8       0%          2
 Dazzling Flash           Conj/Hex       100%       N/A       0%          3
 Hailstorm                Conj/Ice       100%       3d20      0%          3
 Swiftness                Air            100%       N/A       0%          3
 Vhi's Electric Charge    Tloc/Air       100%       N/A       0%          4
 Iskenderun's Battlesphe  Conj           100%       2d15      0%          5
 Apportation              Tloc           100%       N/A       1%          1
 Freeze                   Ice            100%       1d10      1%          1
 Necrotise                Necr           100%       1d9       1%          1
 Sting                    Tmut/Pois      100%       1d8       1%          1
 Call Imp                 Summ           56%        N/A       1%          2
 Cigotuvi's Dreadful Rot  Necr/Pois/Air  100%       N/A       1%          2
 Ensorcelled Hibernation  Hex/Ice        100%       N/A       1%          2
 Jinxbite                 Hex            56%        N/A       1%          2
 Lesser Beckoning         Tloc           100%       N/A       1%          2
 Passwall                 Tmut/Erth      65%        N/A       1%          2
 Scorch                   Fire           100%       2d9       1%          2
 Sublimation of Blood     Necr           28%        N/A       1%          2
 Wereblood                Tmut           28%        N/A       1%          2
 Frozen Ramparts          Ice            100%       1d16      1%          3
 Ozocubu's Armour         Ice            84%        N/A       1%          3
 Volatile Blastmotes      Fire/Tloc      100%       2d18      1%          3
 Fulminant Prism          Conj/Hex       44%        3d19      1%          4
 Manifold Assault         Tloc           74%        N/A       1%          4
 Petrify                  Tmut/Erth      79%        N/A       1%          4
 Irradiate                Conj/Tmut      44%        3d26      1%          5
 Silence                  Hex/Air        55%        N/A       1%          5
 Summon Guardian Golem    Hex/Summ       28%        N/A       3%          3
 Vampiric Draining        Necr           28%        2d8       3%          3
 Olgreb's Toxic Radiance  Pois           28%        N/A       3%          4
 Summon Ice Beast         Ice/Summ       67%        N/A       3%          4
 Borgnjor's Vile Clutch   Necr/Erth      39%        N/A       4%          5
 Summon Forest            Summ/Tloc      28%        N/A       6%          5
 Yara's Violent Unravell  Hex/Tmut       14%        3d7       9%          5
 Metabolic Englaciation   Hex/Ice        33%        N/A       10%         5
 Anguish                  Hex/Necr       14%        N/A       12%         4
 Animate Dead             Necr           28%        N/A       12%         4
 Dispel Undead            Necr           28%        3d13      12%         4
 Agony                    Necr           28%        N/A       32%         5
 Alistair's Intoxication  Tmut/Pois      18%        N/A       32%         5
 Summon Mana Viper        Hex/Summ       28%        N/A       32%         5
 Eringya's Noxious Bog    Tmut/Pois      14%        4d6       41%         6
 Simulacrum               Ice/Necr       33%        N/A       47%         6
 Death Channel            Necr           14%        N/A       88%         6
 Summon Cactus Giant      Summ           14%        N/A       88%         6
 Spellforged Servitor     Conj/Summ      44%        N/A       1%          7
 Ignition                 Fire           51%        3d14      32%         8
 Monstrous Menagerie      Summ           14%        N/A       100%        7
 Summon Hydra             Summ           14%        N/A       100%        7
 Death's Door             Necr           14%        N/A       100%        9


Dungeon Overview and Level Annotations

Branches:
Dungeon (15/15)            Temple (1/1) D:4            Lair (5/5) D:10
 Shoals (4/4) Lair:3       Spider (4/4) Lair:2        Slime (0/5) Lair:4
    Orc (2/2) D:12            Elf (3/3) Orc:2        Vaults (5/5) D:13
  Crypt (0/3) Vaults:3     Depths (4/4) D:15            Zot (5/5) Depths:4
 WizLab (visited)         Gauntlet (visited)

Altars:
Ashenzari
Cheibriados
Dithmenos
Elyvilon
Fedhas
Gozag
Hepliaklqana
Kikubaaqudgha
Makhleb
Nemelex Xobeh
Okawaru
Qazlal
Ru
Sif Muna
Trog
Uskayaw
Vehumet
Wu Jian
Xom
Yredelemnul
Zin
The Shining One
Jiyva
Lugonu

Shops:
D:5 [!!?!   D:6 [   D:7 !*   D:8 *[?   Orc:1 *   Orc:2 *([*[   Elf:1 =(!(
Vaults:3 :   Zot:5 *   Depths:2 :*

Portals:
Hell: Depths:1 Depths:2 Depths:3 Depths:4
Abyss: Depths:1
Pandemonium: Depths:2
Ziggurat: Depths:3

Annotations:
Elf:1 5 transporters
Elf:2 3 runed translucent doors


Innate Abilities, Weirdness & Mutations

Your body sometimes deteriorates upon taking damage.


Message History

The hell hound completely misses you. x2
You hit the hell hound.
The hell hound is lightly wounded.
You hit the hell hound.
The hell hound is lightly wounded.
The hell hound completely misses you.
Casting: Plasma Beam (safe; 1% risk of failure)
Confirm with . or Enter, or press ? or * to list all spells.
You feel a surge of power! Lightning arcs from your hands!
The bolt of lightning hits the hell hound!!!!!
You kill the hell hound!
Vehumet accepts your kill.
The bolt of lightning hits the hell hound!!!!!
You kill the hell hound!
Vehumet accepts your kill.
You feel your power returning.
The bolt of lightning hits the hell hound!!!!
You kill the hell hound!
Vehumet accepts your kill.
You feel your power returning. The bolt of lightning hits you! You resist.
The bolt of lightning hits the hell hound!!!!
You kill the hell hound!
Vehumet accepts your kill.
Damage: -11%(-15hp) hp: 89%(120hp)
What level of the Dungeon? (default 1, ? - help)
Okay, then.
A hell hound comes into view.
The hell hound barks!
The hell hound completely misses you.
You riposte.
You completely miss the hell hound. You sock the hell hound!
You crush the hell hound!!
You kill the hell hound!
Vehumet accepts your kill.
You feel your power returning.
You see here a hell hound corpse.
Unknown command.
Magic restored.
There is an open door here.
There is a staircase leading out of the dungeon here.
You have escaped!

#...#....##...#.....#....# #.
#....##...........##...#.# ##
##...####.......####...#.# #....#
###...### #....#.# #....## ##.##
##....#.# #.....# ###'###
#.....#.#
####.....###.....###.......##
#........##.......##........#
#......####...@...####......####
##....### ##.....## ###........
#...### ##.....## ###..##..
#.##########'#####'############..
#............## ##...........####
#.............# #............#
#..###........###...........#####
##.....##......#......#..##.##...
#####.##......#......#...÷.##.##


There were no monsters in sight!

Vanquished Creatures
  A dread lich (Zot:5)
  An ancient lich (Zot:5)
  6 orbs of fire (Zot:5)
  Mara (Depths:2)
  Mennas (Vaults:5)
  6 Killer Klowns (Zot:5)
  Boris (twice) (Depths:3 D:15)
  A caustic shrike (Depths:2)
  3 curse toes
  Saint Roka (Vaults:5)
  11 golden dragons
  Nikola (Spider:4)
  Arachne (Spider:4)
  A Hellbinder (WizLab)
  The ghost of Lobster4 the Warrior, an adept HOFi of Nemelex Xobeh (Vaults:3)
  5 electric golems
  3 liches
  Jorgrun (Orc:2)
  A walking crystal tome (Depths:3)
  27 Orb Guardians
  12 tentacled monstrosities
  5 titans
  3 deep elf blademasters (Elf:3)
  5 quicksilver dragons
  3 deep elf master archers (Elf:3)
  8 sphinxes
  7 death cobs
  Polyphemus (Shoals:2)
  Kirke (D:13)
  Agnes (Spider:1)
  5 shadow dragons
  7 tengu reavers
  Donald (Elf:3)
  Roxanne (Spider:1)
  The ghost of Gaqotej the Warrior, an adept DsCK of Xom (Spider:2)
  12 storm dragons
  4 draconian monks
  Ilsuiw (Shoals:2)
  9 frost giants
  7 deep elf sorcerers
  3 draconian knights
  3 emperor scorpions
  12 fire giants
  5 balrugs
  5 draconian scorchers
  2 draconian shifters
  An iron dragon (Depths:3)
  19 vault wardens
  9 ghost moths
  A curse skull (Vaults:3)
  4 war gargoyles
  A cacodemon (WizLab)
  3 draconian stormcallers
  6 very ugly things
  2 deep elf elementalists (Elf:3)
  4 formless jellyfish
  14 ironbound preservers
  A reaper (D:14)
  19 stone giants
  2 orc warlords
  A quicksilver ooze (shapeshifter) (Vaults:2)
  3 broodmothers
  6 ironbound thunderhulks
  Nessos (Lair:5)
  5 deep elf demonologists
  9 draconian annihilators
  4 vampire knights
  5 green draconians
  A demonspawn black sun (WizLab)
  10 black draconians
  Azrael (Spider:1)
  11 deep elf annihilators
  9 spark wasps
  5 red draconians
  3 lorocyprocas
  A minotaur (Gauntlet)
  8 yellow draconians
  4 dire elephants (Vaults:2)
  9 purple draconians
  2 merfolk javelineers (Depths:2)
  11 white draconians
  A minotaur (shapeshifter) (Vaults:5)
  A crystal guardian (Vaults:2)
  2 blizzard demons
  4 deep elf death magi
  12 yaktaur captains
  16 ettins
  11 fire dragons
  8 merfolk impalers
  2 entropy weavers
  Josephine (D:14)
  7 deep elf high priests
  9 great orbs of eyes
  5 rakshasas
  3 peacekeepers
  34 vault guards
  6 hydras
  Erolcha (Orc:2)
  4 ice dragons
  2 hell beasts
  8 radroaches
  6 ironbound frosthearts
  4 spriggan air magi (Depths:2)
  A jorogumo (Spider:3)
  2 catoblepae
  A merfolk avatar (Shoals:4)
  A death knight (D:13)
  10 boulder beetles
  16 dancing weapons
  The ghost of sammy202020 the Protected, a novice MiFi of Gozag (D:9)
  3 alligator snapping turtles (Shoals:4)
  6 two-headed ogres (Vaults:5)
  11 centaur warriors
  A satyr (Shoals:3)
  5 ogre magi
  9 death yaks
  7 deep troll earth magi
  The ghost of Sirjeffry24 the Blocker, a novice FoFi of Okawaru (D:7)
  5 merfolk aquamancers
  8 deep troll shamans
  13 demonic crawlers
  4 orc high priests
  9 spriggan berserkers
  Sonja (Lair:5)
  An occultist (Depths:1)
  A tengu warrior (Depths:3)
  2 soul eaters
  7 sun demons
  6 hell knights
  8 deep elf knights
  2 spriggans
  2 sixfirhies
  7 skysharks
  5 iron trolls
  2 pharaoh ants (Spider:3)
  A shadow wraith (Vaults:1)
  Lodul (D:13)
  51 deep trolls
  A glowing orange brain (Depths:1)
  10 sea snakes
  3 shadow demons
  A death drake (shapeshifter) (Depths:4)
  4 flayed ghosts
  13 orb spiders
  14 ironbound convokers
  An obsidian statue (D:12)
  3 orange crystal statues
  A tengu zombie (Depths:3)
  7 arcanists
  A harpy (shapeshifter) (Vaults:3)
  8 necromancers
  15 orc knights
  4 phantasmal warriors (Vaults:5)
  15 deep elf archers
  4 steelbarb worms
  29 ugly things
  27 harpies
  9 lindwurms
  7 cyclopes
  6 orc sorcerers
  22 deep elf zephyrmancers
  A wolf spider (shapeshifter) (Vaults:1)
  19 deep elf pyromancers
  11 manticores
  27 wolf spiders
  A cyclops (shapeshifter) (Elf:3)
  13 fauns
  A salamander (shapeshifter) (D:14)
  11 merfolk sirens
  7 elephants (Lair:5)
  A rust devil (WizLab)
  18 moths of wrath
  A black mamba (shapeshifter) (Vaults:5)
  2 water nymphs
  7 black mambas
  4 smoke demons
  14 vault sentinels
  An unseen horror (D:11)
  3 gargoyles
  10 cane toads
  A kobold demonologist (D:11)
  3 orange demons
  10 komodo dragons
  4 torpor snails
  4 rime drakes
  2 freezing wraiths
  38 yaktaurs
  4 efreet
  2 tengu conjurers
  3 red devils
  9 trolls
  19 tarantellas
  3 ice devils (WizLab)
  3 wind drakes
  A wind drake (shapeshifter) (Vaults:1)
  7 meliai
  4 polar bears
  2 hornets
  A troll (shapeshifter) (D:15)
  22 blink frogs
  The ghost of cooneyb1 the Slasher, an amateur DsGl (D:4)
  2 glass eyes
  10 snapping turtles
  7 merfolk
  3 hellwings (WizLab)
  6 dream sheep
  43 slime creatures
  41 jumping spiders
  29 water elementals
  62 yaks
  3 shadows
  A culicivora (shapeshifter) (Elf:2)
  29 culicivoras
  An air elemental (Elf:1)
  A hog (shapeshifter) (Vaults:2)
  5 wyverns
  8 wraiths
  2 vampires
  3 neqoxecs (WizLab)
  2 basilisks (Lair:2)
  3 fire elementals
  3 hogs (D:13)
  64 redbacks
  2 steam dragons
  16 vampire mosquitoes
  A redback (shapeshifter) (Vaults:5)
  2 chaos spawn
  2 acid dragons
  Edmund (D:4)
  A glowing shapeshifter zombie (Depths:3)
  7 wargs
  8 hell hounds
  15 water moccasins
  21 orc warriors
  6 black bears
  A sky beast (shapeshifter) (Vaults:5)
  3 sky beasts (D:7)
  3 ice beasts
  10 ogres
  26 wolves
  5 centaurs
  5 boggarts (Vaults:4)
  A phantom (D:3)
  2 kobold brigands
  10 bullfrogs
  A gnoll sergeant (D:9)
  2 scorpions
  A glowing shapeshifter simulacrum (Depths:3)
  14 wights
  4 killer bees (D:9)
  9 howler monkeys
  5 electric eels
  A crimson imp (D:12)
  27 orc priests
  An iron imp (D:12)
  3 jellies (Lair:4)
  6 hounds
  Ijyb (D:3)
  2 sleepcaps
  5 gnoll boudas
  6 iguanas
  27 orc wizards
  22 gnolls
  6 adders
  4 shadow imps
  7 white imps
  3 ufetubi
  2 adder skeletons (D:2)
  5 dart slugs
  76 orcs
  12 ball pythons
  10 bats
  12 endoplasms
  2 giant cockroaches
  14 goblins
  3 hobgoblins
  5 jackals
  8 quokkas
  A ball python skeleton (D:2)
  A ball python zombie (D:2)
  4 frilled lizards
  2 giant cockroach zombies (D:2)
  12 kobolds
  A quokka skeleton (D:2)
  A quokka zombie (D:2)
  4 rats
  A butterfly (Lair:3)
2061 creatures vanquished.

Vanquished Creatures (others)
  A merfolk aquamancer (Shoals:4)
  A death yak (Shoals:2)
  A deep troll (Vaults:1)
  A jumping spider (Spider:4)
  A jackal (D:3)
5 creatures vanquished.

Grand Total: 2066 creatures vanquished

Notes
Turn   | Place    | Note
-------+----------+-------------------------------------------
     0 | D:1      | RepHenryClay the Deep Elf Conjurer began the quest for the
                  | Orb.
     0 | D:1      | Reached XP level 1. HP: 10/10 MP: 6/6
   203 | D:1      | Reached XP level 2. HP: 15/15 MP: 2/8
   310 | D:1      | Reached skill level 5 in Conjurations
   668 | D:1      | Found a faded altar of an unknown god.
   676 | D:1      | Reached XP level 3. HP: 19/19 MP: 2/9
  1071 | D:2      | Learned a level 2 spell: Searing Ray
  1505 | D:2      | Reached XP level 4. HP: 24/24 MP: 8/10
  3045 | D:3      | Found a bloodstained altar of Trog.
  3328 | D:3      | Noticed a phantom
  3332 | D:3      | Killed a phantom
  3333 | D:3      | Reached XP level 5. HP: 28/28 MP: 5/11
  3383 | D:3      | Noticed Ijyb
  3416 | D:3      | Killed Ijyb
  3753 | D:4      | Found a staircase to the Ecumenical Temple.
  3763 | Temple   | Entered the Ecumenical Temple
  3777 | Temple   | Became a worshipper of Vehumet
  3839 | D:4      | Learned a level 4 spell: Iskenderun's Mystic Blast
  3936 | D:4      | Found a runed translucent gate.
  3936 | D:4      | Found a runed translucent gate.
  3936 | D:4      | Found an opulent altar of Gozag.
  3936 | D:4      | Found a runed translucent gate.
  3937 | D:4      | Noticed cooneyb1's ghost (amateur DsGl)
  3948 | D:4      | Reached skill level 1 in Translocations
  3948 | D:4      | Reached XP level 6. HP: 29/32 MP: 3/12
  4024 | D:4      | Noticed Edmund
  4040 | D:4      | Killed Edmund
  4254 | D:4      | Reached XP level 7. HP: 16/36 MP: 7/13
  4498 | D:4      | Reached skill level 5 in Translocations
  4682 | D:4      | Reached skill level 3 in Dodging
  5323 | D:5      | Entered Level 5 of the Dungeon
  5330 | D:5      | Found Jiamoor's Distillery.
  5377 | D:5      | Reached skill level 4 in Dodging
  5560 | D:5      | Found a shadowy altar of Dithmenos.
  5562 | D:5      | Identified the +0 chain mail of Autumn {Str-3 Int+3 Dex+4}
  5732 | D:5      | Found Esotaylo's Distillery.
  5744 | D:5      | Bought a potion of curing for 33 gold pieces
  5744 | D:5      | Bought a potion of heal wounds for 55 gold pieces
  5744 | D:5      | Bought a potion of invisibility for 88 gold pieces
  5744 | D:5      | Bought a potion of lignification for 33 gold pieces
  5788 | D:5      | Reached XP level 8. HP: 40/41 MP: 13/16
  5793 | D:5      | Reached skill level 5 in Dodging
  5930 | D:5      | Found Zotu's Distillery.
  5941 | D:5      | Found Fifu's Armour Shop.
  6035 | D:5      | Reached * piety under Vehumet
  6035 | D:5      | Offered knowledge of Sandblast by Vehumet.
  6246 | D:5      | Found Tuiffy's Magic Scroll Boutique.
  6275 | D:5      | Bought a scroll of identify for 22 gold pieces
  6551 | D:6      | Found a stormy altar of Qazlal.
  6576 | D:6      | Reached skill level 5 in Spellcasting
  6643 | D:6      | Reached skill level 6 in Dodging
  6911 | D:6      | Found Laysong's Armour Emporium.
  7213 | D:6      | Offered knowledge of Scorch by Vehumet.
  7423 | D:7      | Reached ** piety under Vehumet
  7424 | D:7      | Reached skill level 7 in Dodging
  7575 | D:7      | Reached XP level 9. HP: 37/45 MP: 20/20
  7590 | D:7      | Reached skill level 8 in Dodging
  7666 | D:7      | Identified the +8 spear "Sachit" {vamp, Int+3}
  7814 | D:7      | Found King's Distillery.
  7892 | D:7      | Found a glowing golden altar of the Shining One.
  7897 | D:7      | Found Niunabb's Lightly-Used Armoury.
  8075 | D:7      | Found a runed translucent gate.
  8075 | D:7      | Found a runed translucent gate.
  8075 | D:7      | Found a runed translucent gate.
  8078 | D:7      | Noticed Sirjeffry24's ghost (novice FoFi)
  8238 | D:7      | Reached skill level 9 in Dodging
  8276 | D:7      | Identified the +6 dagger of the Endless Expanse {flame,
                  | Dex+4}
  8718 | D:8      | Offered knowledge of Inner Flame by Vehumet.
  8719 | D:8      | Reached skill level 10 in Conjurations
  8818 | D:8      | Noticed a manticore
  8978 | D:8      | Noticed a cyan ugly thing
  8987 | D:8      | Killed a cyan ugly thing
  8988 | D:8      | Reached skill level 10 in Dodging
  9283 | D:8      | Found an iron altar of Okawaru.
  9341 | D:8      | Reached skill level 5 in Stealth
  9467 | D:8      | Reached XP level 10. HP: 50/50 MP: 3/25
  9662 | D:8      | Reached skill level 10 in Spellcasting
  9910 | D:8      | Found Vohev's Magic Scroll Boutique.
  9912 | D:8      | Found Wosoap's Armour Boutique.
  9914 | D:8      | Found Hyschizur's General Store.
 10133 | D:8      | Found a hazy altar of Hepliaklqana.
 10312 | D:9      | Identified the "Yschyot"
 10378 | D:9      | Found an ornate altar of the Wu Jian Council.
 10578 | D:9      | Reached *** piety under Vehumet
 10682 | D:9      | Reached skill level 11 in Dodging
 10704 | D:9      | Found a large runed translucent door.
 10704 | D:9      | Found a large runed translucent door.
 10708 | D:9      | Noticed sammy202020's ghost (novice MiFi)
 10936 | D:9      | Found an ancient bone altar of Kikubaaqudgha.
 11125 | D:9      | Found an opulent altar of Gozag.
 11297 | D:9      | Offered knowledge of Flame Wave by Vehumet.
 11925 | D:8      | Bought a scroll of revelation for 105 gold pieces
 11925 | D:8      | Bought a scroll of identify for 28 gold pieces
 11925 | D:8      | Bought a scroll of identify for 28 gold pieces
 11925 | D:8      | Bought a scroll of noise for 14 gold pieces
 12071 | D:10     | Entered Level 10 of the Dungeon
 12165 | D:10     | Found a staircase to the Lair.
 12171 | D:10     | Identified the +1 robe "Boxonkot" {*Slow rF+ rN+++ Int+4}
 12231 | D:10     | Found a shimmering altar of Xom.
 12419 | D:10     | Identified the +7 trident "Huxtuagg" {drain, Fly rF+ Str+2}
 12425 | D:10     | Noticed a gargoyle
 12435 | D:10     | Killed a gargoyle
 12931 | D:10     | Found a blossoming altar of Fedhas.
 13111 | D:10     | Reached XP level 11. HP: 54/54 MP: 20/27
 13120 | D:10     | Reached **** piety under Vehumet
 13267 | D:11     | Noticed a brown ugly thing
 13272 | D:11     | Noticed a boulder beetle
 13428 | D:11     | Found a portal to a secret trove of treasure.
 13469 | D:11     | Killed a brown ugly thing
 13473 | D:11     | Offered knowledge of Yara's Violent Unravelling by Vehumet.
 13476 | D:11     | Reached skill level 12 in Dodging
 13657 | D:11     | Killed a boulder beetle
 13880 | D:11     | Noticed a boulder beetle
 13896 | D:11     | Killed a boulder beetle
 14000 | D:11     | Noticed a boulder beetle
 14012 | D:11     | Killed a boulder beetle
 14607 | D:12     | Found a staircase to the Orcish Mines.
 14771 | D:12     | Reached skill level 13 in Dodging
 14800 | D:12     | Reached XP level 12. HP: 43/59 MP: 5/28
 14937 | D:12     | Noticed a boulder beetle
 14951 | D:12     | Killed a boulder beetle
 15318 | D:12     | Reached skill level 14 in Dodging
 15698 | D:12     | Noticed a rakshasa
 15698 | D:12     | Found the +3 Elemental Staff {ele, rElec rF+ rC+ AC+3}
 15707 | D:12     | Killed a rakshasa
 15986 | D:13     | Noticed a death knight
 15986 | D:13     | Noticed a centaur warrior
 16027 | Orc:1    | Entered Level 1 of the Orcish Mines
 16059 | Orc:1    | Reached skill level 15 in Dodging
 16144 | Orc:1    | Found Angin's Mass Market.
 16157 | Orc:1    | Noticed an orc high priest
 16174 | Orc:1    | Killed an orc high priest
 16748 | D:8      | Bought a scroll of acquirement for 728 gold pieces
 16748 | D:8      | Acquired a +1 pair of boots of stealth
 16807 | Lair:1   | Entered Level 1 of the Lair of Beasts
 16829 | Lair:1   | Reached ***** piety under Vehumet
 16844 | D:10     | Reached skill level 15 in Conjurations
 16969 | Lair:1   | Offered knowledge of Freezing Cloud by Vehumet.
 16981 | D:10     | Learned a level 5 spell: Freezing Cloud
 17154 | Lair:1   | Reached skill level 1 in Ice Magic
 17154 | Lair:1   | Reached skill level 1 in Air Magic
 17261 | Lair:1   | Reached XP level 13. HP: 63/63 MP: 26/29
 18246 | Lair:2   | Learned a level 3 spell: Mephitic Cloud
 18274 | Lair:2   | Found a hole to the Spider Nest.
 18380 | Lair:2   | Reached skill level 5 in Ice Magic
 18400 | Lair:2   | Reached skill level 5 in Air Magic
 19127 | Lair:3   | Found a staircase to the Shoals.
 19337 | Lair:3   | Reached skill level 16 in Dodging
 19804 | Lair:3   | Offered knowledge of Arcjolt by Vehumet.
 19815 | Lair:3   | Learned a level 5 spell: Arcjolt
 20194 | Lair:4   | Identified the +0 chain mail of Sinkurgh {rF+}
 20278 | Lair:4   | Found a staircase to the Slime Pits.
 20278 | Lair:4   | Found a viscous altar of Jiyva.
 20914 | Lair:5   | Entered Level 5 of the Lair of Beasts
 20918 | Lair:5   | Noticed Nessos
 20919 | Lair:5   | Reached skill level 17 in Dodging
 20919 | Lair:5   | Reached XP level 14. HP: 59/68 MP: 23/30
 21132 | Lair:5   | Killed Nessos
 21500 | Lair:5   | Noticed Sonja
 21543 | Lair:5   | Killed Sonja
 22013 | Lair:5   | Reached skill level 18 in Dodging
 22747 | Lair:5   | Offered knowledge of Plasma Beam by Vehumet.
 22796 | Lair:5   | Learned a level 6 spell: Plasma Beam
 22917 | Lair:5   | Reached skill level 1 in Fire Magic
 23588 | Orc:2    | Entered Level 2 of the Orcish Mines
 23642 | Orc:2    | Noticed Erolcha
 23649 | Orc:2    | Killed Erolcha
 23681 | Orc:2    | Noticed Jorgrun
 23701 | Orc:2    | Killed Jorgrun
 23711 | Orc:2    | Found a gate leading to a gauntlet.
 23712 | Orc:2    | Found a staircase to the Elven Halls.
 23712 | Orc:2    | Found Mushrong's General Store.
 23772 | Gauntlet | Entered a Gauntlet
 23772 | Gauntlet | Found a transporter.
 23772 | Gauntlet | Found a transporter.
 23772 | Gauntlet | Found a transporter.
 23802 | Gauntlet | Found a transporter.
 23812 | Gauntlet | Found a transporter.
 23833 | Gauntlet | Found a transporter.
 23841 | Gauntlet | Found a transporter.
 23847 | Gauntlet | Found a transporter.
 23865 | Gauntlet | Found a transporter.
 23873 | Gauntlet | Found a transporter.
 23891 | Gauntlet | Found a transporter.
 23920 | Gauntlet | Found a transporter.
 24124 | Gauntlet | Identified the +4 ring mail "Xaulin" {rF+++ rC+ Int-4}
 24408 | Orc:2    | Found Oggu's Weapon Shop.
 24435 | Orc:2    | Reached skill level 5 in Fire Magic
 24443 | Orc:2    | Reached XP level 15. HP: 53/72 MP: 17/31
 24667 | Orc:2    | Found Hextaisch's Armour Shop.
 24670 | Orc:2    | Found Puasel's Assorted Antiques.
 24729 | Orc:2    | Found Huk Xou's Antique Armour Emporium.
 24772 | Orc:2    | Bought a pair of bloodstained boots for 266 gold pieces
 24772 | Orc:2    | Identified the +0 pair of boots "Wiepsiqe" {rN+ Str-2
                  | Int+3} (You bought it in a shop on level 2 of the Orcish
                  | Mines)
 24790 | Orc:2    | Bought an ancient orb for 448 gold pieces
 24790 | Orc:2    | Identified the orb "Logoigo" {mayhem, Int+3 SInv Stlth+}
                  | (You bought it in a shop on level 2 of the Orcish Mines)
 25498 | D:13     | Noticed Lodul
 25504 | D:13     | Killed Lodul
 25505 | D:13     | Reached skill level 10 in Air Magic
 25626 | D:13     | Offered knowledge of Lee's Rapid Deconstruction by Vehumet.
 25804 | D:13     | Noticed Kirke
 25812 | D:13     | Killed Kirke
 26277 | D:13     | Identified the +4 mace of Impish Action {heavy, Contam
                  | rPois rF++ Will+++}
 26449 | D:13     | Found a gate to the Vaults.
 27079 | D:14     | Identified the +4 hand axe of Kamump {flame, rElec SInv}
 27436 | D:14     | Found a sacrificial altar of Ru.
 27468 | D:14     | Noticed Josephine
 27471 | D:14     | Killed Josephine
 27644 | D:15     | Entered Level 15 of the Dungeon
 27824 | D:15     | Identified the +0 ring mail of Theory {Harm rC++ Str+2}
 27929 | D:15     | Offered knowledge of Ozocubu's Refrigeration by Vehumet.
 28565 | D:15     | Found a staircase to the Depths.
 28859 | D:15     | Learned a level 2 spell: Blink
 29050 | D:8      | Bought the +0 cloak of Zupnage {Rampage Fly} for 163 gold
                  | pieces
 29255 | Orc:2    | Bought a masterwork robe for 182 gold pieces
 29255 | Orc:2    | Identified the +1 robe "Vayblyd" {Rampage rPois rC+} (You
                  | bought it in a shop on level 2 of the Orcish Mines)
 29255 | Orc:2    | Bought an embroidered cloak for 240 gold pieces
 29448 | Shoals:1 | Entered Level 1 of the Shoals
 29586 | Shoals:1 | Reached skill level 10 in Fire Magic
 29842 | Shoals:1 | Reached skill level 1 in Fighting
 30081 | Shoals:1 | Reached XP level 16. HP: 45/82 MP: 22/32
 30708 | Shoals:2 | Noticed Polyphemus
 30918 | Shoals:2 | Reached skill level 5 in Fighting
 30928 | Shoals:2 | Noticed Ilsuiw
 30936 | Shoals:2 | Killed Ilsuiw
 30990 | Shoals:2 | Killed Polyphemus
 31132 | Shoals:2 | Found Gohilops's Assorted Antiques.
 31743 | Shoals:2 | Reached skill level 19 in Dodging
 32153 | Shoals:3 | Found a shadowy altar of Dithmenos.
 32816 | Shoals:4 | Entered Level 4 of the Shoals
 32818 | Shoals:4 | Reached skill level 15 in Air Magic
 33618 | Shoals:4 | Reached ****** piety under Vehumet
 33627 | Shoals:4 | Reached skill level 20 in Dodging
 33808 | Shoals:4 | Identified the amulet "Zejaraxi" {RegenMP Drain rC+ Dex+2
                  | Slay+3}
 33923 | Shoals:4 | Offered knowledge of Spellforged Servitor by Vehumet.
 34095 | Shoals:4 | Identified the +0 leather armour of Goimamus {Harm Will+
                  | Regen+ Int-5}
 34216 | Shoals:4 | Got a barnacled rune of Zot
 34606 | Spider:1 | Entered Level 1 of the Spider Nest
 34608 | Spider:1 | Reached XP level 17. HP: 92/92 MP: 33/33
 34756 | Spider:1 | Noticed Azrael
 34765 | Spider:1 | Killed Azrael
 35114 | Spider:1 | Noticed Agnes
 35117 | Spider:1 | Killed Agnes
 35546 | Spider:1 | Reached skill level 21 in Dodging
 35619 | Spider:1 | Noticed Roxanne
 35682 | Spider:1 | Killed Roxanne
 35762 | Spider:1 | Learned a level 8 spell: Maxwell's Capacitive Coupling
 36119 | Spider:2 | Offered knowledge of Ignition by Vehumet.
 37193 | Spider:2 | Found a runed translucent door.
 37193 | Spider:2 | Noticed Gaqotej's ghost (adept DsCK)
 37441 | Spider:3 | Identified the +3 leather armour of Complete Protection
                  | {+Inv Str+4}
 37455 | Spider:3 | Reached skill level 1 in Staves
 37455 | Spider:3 | Reached skill level 1 in Evocations
 38413 | Spider:3 | Offered knowledge of Fire Storm by Vehumet.
 38413 | Spider:3 | Offered knowledge of Shatter by Vehumet.
 38413 | Spider:3 | Offered knowledge of Chain Lightning by Vehumet.
 38621 | Spider:3 | Reached XP level 18. HP: 96/96 MP: 31/34
 38760 | Spider:4 | Entered Level 4 of the Spider Nest
 38762 | Spider:4 | Acquired the +1 cloak of Starlight {*Dazzle EV+4 Stlth--}
 38762 | Spider:4 | Found the +1 cloak of Starlight {*Dazzle EV+4 Stlth--}
 38938 | Spider:4 | Noticed Arachne
 38942 | Spider:4 | Killed Arachne
 39208 | Spider:4 | Reached skill level 5 in Evocations
 39298 | Spider:4 | Reached skill level 5 in Staves
 39899 | Spider:4 | Noticed Nikola
 39911 | Spider:4 | Killed Nikola
 40074 | Spider:4 | Got a gossamer rune of Zot
 40436 | D:7      | Bought -1 gold dragon scales for 1125 gold pieces
 40556 | D:11     | You paid a toll of +2 gold dragon scales to enter a
                  | treasure trove
 40557 | Trove    | Entered a treasure trove
 40563 | Trove    | Identified the -1 cloak "Luqeliud" {rPois}
 40564 | Trove    | Identified the +1 cloak "Xorphaer" {Int+2}
 40664 | Trove    | Identified the -1 pair of boots "Aqeisiom" {Drain Dex+6}
 40861 | Vaults:5 | Identified the "Punwub"
 40861 | Vaults:5 | Identified the of Belliric
 40861 | Crypt:3  | Identified the of Deramics
 40861 | Crypt:3  | Identified the "Tazxyuxa"
 40861 | WizLab   | Identified the "Xylumann"
 40861 | Elf:1    | Entered Level 1 of the Elven Halls
 40903 | Elf:1    | Found a magical portal.
 40912 | WizLab   | Entered The Hall of the Hellbinder
 40977 | WizLab   | Found a burning altar of Makhleb.
 40977 | WizLab   | Identified the +5 lajatang of the Secret Songs {vamp,
                  | *Corrode rF+ Int+2}
 40977 | WizLab   | Noticed Peon
 41447 | WizLab   | Killed Peon the Hellbinder
 41483 | WizLab   | Identified the ring of the Treeataur {rF- rN+ Str+8 Dex-2
                  | SInv}
 41666 | Elf:1    | Found a transporter.
 41667 | Elf:1    | Found a transporter.
 41731 | Elf:1    | Found a transporter.
 41736 | Elf:1    | Found a transporter.
 41991 | Elf:1    | Found Mefrepn's Antique Weapon Boutique.
 42001 | Elf:1    | Found Yluniw's Jewellery Shop.
 42206 | Elf:1    | Found Veidd's Distillery.
 42209 | Elf:1    | Found Deezxag's Antique Weapon Shop.
 42234 | Elf:1    | Found a transporter.
 42238 | Elf:1    | Found a transporter.
 43408 | Elf:2    | Reached XP level 19. HP: 95/100 MP: 24/35
 43467 | Elf:2    | Found a runed translucent gate.
 43468 | Elf:2    | Found a runed translucent gate.
 43468 | Elf:2    | Found a runed translucent gate.
 43553 | Elf:3    | Entered Level 3 of the Elven Halls
 43821 | Elf:3    | Noticed Donald
 43826 | Elf:3    | Killed Donald
 44861 | Elf:3    | Identified the +8 long sword of Chaos {holy, rF- Str+5}
 45233 | Elf:3    | Identified the staff of Kismet {rPois rF++ Poison}
 45479 | Elf:3    | Found the +0 mask of the Dragon {Will+ Slay+3 SInv}
 45501 | Elf:3    | Identified the +3 ring mail of Guemioc {Int+2 Dex+6 SInv
                  | Stlth+}
 45530 | Elf:3    | Identified the +11 shortbow of Devotion {drain, rPois Str-2
                  | Int+4 Dex+8}
 45849 | Orc:2    | Bought the +2 robe of Virtue {rPois rF+ Int+2} for 463 gold
                  | pieces
 45984 | Vaults:1 | Entered Level 1 of the Vaults
 46506 | Vaults:1 | Learned a level 9 spell: Chain Lightning
 46841 | Vaults:1 | Reached XP level 20. HP: 96/106 MP: 25/38
 48855 | Vaults:2 | Found a transporter.
 48867 | Vaults:2 | Found a transporter.
 49363 | Vaults:3 | Found a staircase to the Crypt.
 49922 | Vaults:3 | Found Miwoesao's Book Shop.
 50642 | Vaults:3 | Found a runed translucent gate.
 50642 | Vaults:3 | Found a runed translucent gate.
 50642 | Vaults:3 | Found a runed translucent gate.
 50643 | Vaults:3 | Noticed Lobster4's ghost (adept HOFi)
 50876 | Vaults:3 | Killed Lobster4's ghost
 50891 | Vaults:3 | Identified the +0 pair of gloves of Zirewk {Rampage Str-5
                  | Int+5 Stlth+}
 51093 | Vaults:4 | Identified the +0 robe of the Catamount {Int+4 Dex+5}
 51156 | Vaults:4 | Identified the +0 ring mail of Love and Death {+Blink}
 51182 | Vaults:4 | Reached XP level 21. HP: 110/110 MP: 2/39
 53311 | Elf:1    | Bought the ring "Iggameu" {rC+ Will+ Dex+6} for 667 gold
                  | pieces
 53612 | Depths:1 | Entered Level 1 of the Depths
 53854 | Depths:1 | Found a gateway to Hell.
 54922 | Depths:1 | Found a corrupted altar of Lugonu.
 54925 | Depths:1 | Found a one-way gate to the infinite horrors of the Abyss.
 54931 | Depths:1 | Found a radiant altar of Vehumet.
 55811 | Depths:2 | Reached skill level 10 in Evocations
 56224 | Depths:2 | Found a one-way gate leading to the halls of Pandemonium.
 56490 | Depths:2 | Found Xeblaf's General Store.
 56490 | Depths:2 | Found Hantolem's Book Shop.
 56882 | Depths:2 | Noticed a caustic shrike
 56889 | Depths:2 | Killed a caustic shrike
 56958 | Depths:2 | Reached XP level 22. HP: 101/115 MP: 15/40
 57048 | Depths:2 | Noticed a golden dragon
 57052 | Depths:2 | Killed a golden dragon
 57272 | Depths:2 | Reached skill level 10 in Staves
 57471 | Depths:2 | Noticed Mara
 57476 | Depths:2 | Killed Mara
 57898 | Depths:2 | Found the +0 pair of fencer's gloves {Riposte Dex+3}
 58614 | Depths:3 | Identified the +6 chain mail of New Discoveries {*Corrode
                  | Fly rElec Will+}
 58663 | Depths:3 | Found a one-way gateway to a ziggurat.
 58670 | Depths:3 | Noticed Boris
 58682 | Depths:3 | Killed Boris
 58922 | Depths:3 | Identified the ring "Wuloited" {+Blink AC+4}
 58964 | Depths:3 | Identified the amulet "Taesh" {Reflect -Tele rPois rN+
                  | Dex+5 SH+5}
 58972 | Depths:3 | Identified the ring of Zacekhlu {AC+4 Int+3 Stlth+}
 59154 | Depths:3 | Found a hide-covered altar of Uskayaw.
 59611 | Depths:3 | Reached skill level 22 in Dodging
 59892 | Depths:3 | Identified the ring of Ifeedd {rF+ Str+2 Dex+2}
 60108 | Depths:3 | Found a one-way gateway to a ziggurat.
 60211 | Depths:3 | Found a hide-covered altar of Uskayaw.
 60566 | Depths:4 | Entered Level 4 of the Depths
 60609 | Depths:4 | Found a flickering gateway to a bazaar.
 60618 | Bazaar   | Entered a bazaar
 60618 | Bazaar   | Found Emext's Weapon Boutique.
 60618 | Bazaar   | Found Fabeina's Armour Shop.
 60618 | Bazaar   | Found Reqedghag's Armour Shop.
 61223 | Depths:4 | Found a gate to the Realm of Zot.
 61224 | Depths:4 | Noticed a golden dragon
 61228 | Depths:4 | Killed a golden dragon
 61590 | Depths:4 | Identified the "Xuinygitz" (You acquired it on level 4 of
                  | the Depths)
 61590 | Depths:4 | Acquired 1289 gold pieces
 62145 | Depths:4 | Found a shimmering blue altar of Sif Muna.
 62562 | D:4      | Killed cooneyb1's ghost
 62674 | D:7      | Killed Sirjeffry24's ghost
 62870 | D:9      | Killed sammy202020's ghost
 63186 | Spider:2 | Killed Gaqotej's ghost
 63907 | Vaults:2 | Identified the talisman of death of the Evil One {Str+4
                  | Int+4}
 64058 | Vaults:5 | Entered Level 5 of the Vaults
 64062 | Vaults:5 | Reached skill level 23 in Dodging
 64066 | Vaults:5 | Reached XP level 23. HP: 86/120 MP: 42/42
 64158 | Vaults:5 | Noticed Mennas
 64162 | Vaults:5 | Killed Mennas
 65275 | Vaults:5 | Got a silver rune of Zot
 65599 | Vaults:5 | Reached skill level 24 in Dodging
 65711 | Vaults:5 | Identified the +1 halberd of Blood {elec, rF- rC+ Int+3
                  | Stlth+}
 66032 | Vaults:5 | Identified the +1 robe of the Furies {*Slow rElec Regen+
                  | Int+2}
 66159 | Vaults:5 | Identified the +6 hand axe "Biginaosch" {heavy, rN+ Str+6
                  | SInv}
 66290 | Vaults:5 | Noticed Saint Roka
 66295 | Vaults:5 | Killed Saint Roka
 67832 | Zot:1    | Entered Level 1 of the Realm of Zot
 68401 | Zot:1    | Reached skill level 15 in Spellcasting
 68906 | Zot:1    | Noticed a curse toe
 68913 | Zot:1    | Killed a curse toe
 69548 | Zot:1    | Learned a level 6 spell: Bombard
 69654 | Zot:2    | Reached skill level 1 in Earth Magic
 69977 | Zot:2    | Reached skill level 5 in Earth Magic
 69979 | Zot:2    | Reached XP level 24. HP: 96/124 MP: 29/44
 71594 | Zot:3    | You are sucked into a shaft and drop 1 floor!
 71635 | Zot:4    | Reached skill level 10 in Earth Magic
 72007 | Zot:4    | Reached skill level 25 in Dodging
 72235 | Zot:4    | Identified the +0 robe of Geustael {Fly Will- rCorr Dex+4}
 72728 | Zot:5    | Entered Level 5 of the Realm of Zot
 73212 | Zot:5    | Noticed an orb of fire
 73216 | Zot:5    | Killed an orb of fire
 73312 | Zot:5    | Found Ockaezxa's Last-Chance Deals.
 73484 | Zot:5    | Reached skill level 26 in Dodging
 73992 | Zot:5    | Noticed an orb of fire
 73999 | Zot:5    | Killed an orb of fire
 74449 | Zot:5    | Noticed an orb of fire
 74452 | Zot:5    | Noticed an orb of fire
 74453 | Zot:5    | Noticed an ancient lich
 74454 | Zot:5    | Noticed a Killer Klown
 74455 | Zot:5    | Reached skill level 27 in Dodging
 74724 | Zot:5    | Noticed an orb of fire
 74727 | Zot:5    | Killed an orb of fire
 74731 | Zot:5    | Killed an orb of fire
 74738 | Zot:5    | Noticed a Killer Klown
 74740 | Zot:5    | Killed a Killer Klown
 74742 | Zot:5    | Noticed an orb of fire
 74851 | Zot:5    | Killed an ancient lich
 74851 | Zot:5    | Killed a Killer Klown
 74852 | Zot:5    | Killed an orb of fire
 74853 | Zot:5    | Reached XP level 25. HP: 92/131 MP: 38/44
 74853 | Zot:5    | Gained mutation: Your body sometimes deteriorates upon
                  | taking damage. [an orb of fire]
 74854 | Zot:5    | Killed an orb of fire
 75066 | Zot:5    | Noticed a Killer Klown
 75069 | Zot:5    | Killed a Killer Klown
 75136 | Zot:5    | Noticed a Killer Klown
 75140 | Zot:5    | Killed a Killer Klown
 75185 | Zot:5    | Noticed a Killer Klown
 75189 | Zot:5    | Killed a Killer Klown
 75345 | Zot:5    | Noticed a dread lich
 75350 | Zot:5    | Killed a dread lich
 75544 | Zot:5    | Noticed a Killer Klown
 75546 | Zot:5    | Killed a Killer Klown
 76127 | Zot:5    | Identified the +6 longbow of the Sage {heavy, Drain rF-
                  | rC+++ SInv}
 76504 | Zot:5    | Found Ockaezxa's Last-Chance Deals.
 76812 | Zot:5    | Got the Orb of Zot
 77051 | D:15     | Noticed Boris
 77054 | D:15     | Killed Boris
 77363 | D:$      | Escaped with the Orb!

Illustrated notes

Levels and vault maps discovered:
D:1:      onia_arrival_pentagram, layout_rooms,
          nicolae_ecumenical_snake_handling
D:2:      minmay_inner_zag, layout_basic, serial_undead, serial_undead_d,
          serial_undead_e, serial_undead_f, serial_undead_d,
          grunt_decor_mini_mirrors, kennysheep_donut
D:3:      kennysheep_goblin_castle, layout_loops_cross, lemuel_crystal_altar
D:4:      layout_basic, minmay_temple_entry_stoned_glass, ebering_ghost_gozag,
          uniq_edmund
D:5:      layout_gridville, nicolae_dithmenos_the_darkroom, serial_shops,
          kennysheep_mini, shop, nicolae_shop_peninsula, shop,
          nicolae_shop_behind_doors
D:6:      layout_loops_ring, general_overflow_altar, serial_shops,
          kennysheep_mini_moat
D:7:      layout_loops_ring, mainiacjoe_overflow_catwalk, gammafunk_ghost_split,
          serial_shops, nicolae_shop_advertising_works
          [nicolae_subvault_shop_adworks], minmay_shop_damaged
D:8:      layout_rooms, okawaru_gym_becter, nicolae_hepliaklqana_hippocampus,
          nicolae_shop_distant_corner_stores, st_stairs_3, minmay_three_doors
D:9:      layout_stronghold, mainiacjoe_overflow_six_doors_small,
          nicolae_wu_jian_wuxing_cycle, mainiacjoe_overflow_brackets,
          ebering_ghost_disaster_area
D:10:     layout_loops_ring, lemuel_coloured_pillars_altar,
          mainiacjoe_overflow_chevrons, erik_lair_orcish_takeover
D:11:     layout_basic, nicolae_trove_entry_isolated, nicolae_wwwww,
          st_stairs_10
D:12:     layout_cave_pools, orc_0_dummy, hangedman_devilish_allure
D:13:     layout_grid_maze, skrybe_vaults_entry_preservation, uniq_frances,
          uniq_kirke, uniq_lodul
D:14:     layout_loops_ring, nicolae_ru_sacrificial_ziggurat, uniq_josephine
D:15:     hellmonk_depths_entry_around_the_bend, layout_basic, fountainhead,
          serial_park_tiny_2
Temple:   jpeg_temple_clearing
Lair:1:   layout_chaotic_city, grunt_megastairs_3
Lair:2:   beast_lair_carwin_large_4, layout_gridlike, spider_nest_entry_a
Lair:3:   layout_gridlike, minmay_shoals_entry_hut, gammafunk_lair_bear_cave,
          serial_bayou_shore_a, lemuel_fruit_fields, lemuel_fruit_fields
Lair:4:   layout_hall_layers, nicolae_slime_entry_field_trip,
          grunt_forest_large_clearings
Lair:5:   grunt_lair_end_beastmaster, layout_layer_cave,
          infiniplex_staircase_pool_2, grunt_megastairs_4, uniq_sonja,
          uniq_nessos
Shoals:1: layout_shoals
Shoals:2: layout_shoals, serial_shops, nicolae_shop_tiny_glass, uniq_polyphemus,
          uniq_ilsuiw
Shoals:3: layout_shoals, lemuel_altar_in_water
Shoals:4: shoals_end_simple, layout_shoals, nicolae_shoals_elemental_ambush
Spider:1: layout_spider_delve, uniq_agnes, uniq_roxanne, uniq_azrael
Spider:2: layout_spider_delve, hellmonk_ghost_happy_afterlife,
          einodemon_crawler_minivault
Spider:3: layout_spider_delve
Spider:4: grunt_spider_rune_parallel, uniq_nikola, uniq_arachne
Orc:1:    layout_caves, basic_altar, minmay_shop_mass
Orc:2:    st_orc_elflike, layout_caves, gauntlet_entry_generic, serial_shops,
          shop, uniq_erolcha, uniq_jorgrun
Elf:1:    nicolae_elf_arrival_aired_out, layout_loops_corners,
          mu_enter_wizlab_5, serial_shops, shop, shop,
          nicolae_shop_gaudy_bauble, shop, serial_nicolae_subway,
          nicolae_sub_station_stone, nicolae_sub_station_metal,
          nicolae_sub_station_crystal
Elf:2:    nicolae_elf_blades_crystal_corner, layout_loops_corners
Elf:3:    minmay_elf_hall_furrowed, layout_loops_corners, serial_aquarium,
          aquarium_bridge_long_joined [aquarium_subvault_bridge,
          aquarium_subvault_wall, aquarium_subvault_bridge,
          aquarium_subvault_wall, aquarium_subvault_bridge,
          aquarium_subvault_wall], aquarium_bridge_straight
          [aquarium_subvault_bridge, aquarium_subvault_window,
          aquarium_subvault_bridge, aquarium_subvault_wall], aquarium_window_1,
          aquarium_window_2, aquarium_window_corridor_1, aquarium_view_2c,
          aquarium_view_4, aquarium_balcony_3b, uniq_donald
Vaults:1: nicolae_vaults_six-pack, v_misc_10, vaults_standard_mumra_x,
          v_rooms_3, v_misc_11, dpeg_vaults_waves, hangedman_vaults_variations,
          nicolae_vaults_tetromino_Z_2, v_misc_22, nicolae_vaults_house_2,
          layout_vaults_ring
Vaults:2: v_misc_18, grunt_vaults_focal, vaults_room_grunt_arrival_checkpoint,
          nicolae_vaults_little_squares_3, gammafunk_sealed_arena,
          nicolae_vaults_little_squares_1, nicolae_vaults_house_3,
          ontoclasm_vaults_idyll, vaults_room_door_ring,
          ontoclasm_vaults_ring_small, ontoclasm_vaults_tryst,
          layout_vaults_omnigrid
Vaults:3: gammafunk_ghost_split, nicolae_vaults_wine_cellar,
          ontoclasm_vaults_hangar, minmay_crypt_entry_simple_box,
          hangedman_vaults_pinch, grunt_vaults_trifunnel,
          vaults_room_semicircle, v_misc_13, nicolae_vaults_yaktaur_gun_rack,
          hangedman_vaults_trim, nicolae_vaults_mini_display_case,
          layout_vaults_chaotic_city, serial_shops,
          nicolae_shop_tiny_statue_garden
Vaults:4: v_misc_31, nicolae_vaults_theta, v_misc_23,
          nicolae_vaults_shipping_containers_7, nicolae_vaults_what_the_h,
          nicolae_vaults_windows_and_doors_thing,
          nicolae_vaults_closet_pinwheel_5, nicolae_vaults_storage_room_water,
          hangedman_vaults_nails, nicolae_vaults_trapezoid_lopsided_3,
          layout_vaults_omnicross
Vaults:5: uniq_saint_roka, uniq_mennas
Depths:1: layout_cave_pools, abyss_entry_flame_altar, hell_entry,
          dk_noncrumbling_3, lemuel_statue_altar, minmay_misc_feat_nine_boxes,
          grunt_ministairs_2, minmay_misc_feat_encased, minmay_misc_feat_square,
          vehumet_crystals
Depths:2: evilmike_diamond_2, layout_small_grid, infiniplex_staircase_star,
          pf_vacation_house_of_asmodeus, rand_demon_pan_entry_7,
          chequers_big_river, minmay_shoptagon, uniq_mara
Depths:3: minmay_the_grid_triangle_9x9_line_8_mashed
          [minmay_the_grid_triangle_9x9_swiss_cheese,
          minmay_the_grid_triangle_9x9_minimal,
          minmay_the_grid_triangle_9x9_zippers_vertical,
          minmay_the_grid_triangle_9x9_limited_checkers,
          minmay_the_grid_triangle_9x9_descending_squares,
          minmay_the_grid_triangle_9x9_empty,
          minmay_the_grid_triangle_9x9_odd_lines,
          minmay_the_grid_triangle_9x9_prize_special], layout_small_grid,
          enter_ziggurat_e, lightli_too_deep, abyss_entry,
          nicolae_uskayaw_suspiria, infiniplex_staircase_trident,
          serial_bayou_shore_b, uniq_boris
Depths:4: grunt_zot_entry_tricorne, layout_gridlike,
          hangedman_tar_grid_catacomb, lemuel_blue_sif_altar, serial_shops,
          bzr_entry_road
Zot:1:    layout_basic
Zot:2:    layout_basic, regret_index_zotdec_plus
Zot:3:    layout_misc_corridors, regret_index_zotdec_serpentine_coiled
Zot:4:    layout_onion_interference
Zot:5:    layout_misc_corridors, hellmonk_bargain_basement

Skill      XL: |  1  2  3  4  5  6  7  8  9 10 11 12 13 14 15 16 17 18 19 20 21 22 23 24 25 |
---------------+----------------------------------------------------------------------------+-----
Conjurations   | 5 6 7 8 9 10 11 13 15 16 17 18 19 21 22 23 24 | 24.9
Translocations | 1 4 5 6 8 |  8.0
Dodging        | 4 7 10 11 13 15 17 18 20 21 23 24 27 | 27.0
Spellcasting   | 4 6 9 10 12 13 15 | 15.2
Stealth        | 5 |  5.0
Short Blades   | 4 |  4.0
Ice Magic      | 1 6 |  6.0
Air Magic      | 1 6 8 14 15 17 19 21 22 23 24 | 24.6
Fire Magic     | 5 10 | 10.0
Fighting       | 2 5 7 |  7.6
Staves         | 3 8 9 12 | 12.0
Evocations     | 4 9 10 | 10.0
Earth Magic    | 5 10 | 10.0

Action                     |  1- 3 |  4- 6 |  7- 9 | 10-12 | 13-15 | 16-18 | 19-21 | 22-24 | 25-27 || total
---------------------------+-------+-------+-------+-------+-------+-------+-------+-------+-------++-------
  Melee: Unarmed           |     1 |     2 |       |       |       |       |       |       |       ||     3
         Short sword       |       |       |    68 |    42 |       |       |       |       |       ||   110
         Punch             |       |       |     2 |     1 |       |       |     3 |     6 |     2 ||    14
         Spear             |       |       |    11 |    45 |       |       |       |       |       ||    56
         Dagger            |       |       |       |     9 |       |       |       |       |       ||     9
         Staff             |       |       |       |     7 |    36 |    70 |   113 |   154 |    36 ||   416
   Cast: Magic Dart        |    77 |    89 |   161 |    21 |       |     2 |       |       |       ||   350
         Searing Ray       |       |    10 |    39 |    27 |       |       |       |       |       ||    76
         Iskenderun's Myst |       |       |    27 |   196 |    55 |    33 |    14 |       |       ||   325
         Freezing Cloud    |       |       |       |     6 |   102 |     7 |       |       |       ||   115
         Arcjolt           |       |       |       |       |   206 |    58 |    13 |     1 |       ||   278
         Mephitic Cloud    |       |       |       |       |     3 |       |       |     1 |       ||     4
         Plasma Beam       |       |       |       |       |    72 |   493 |   416 |   341 |    30 ||  1352
         Blink             |       |       |       |       |       |     2 |       |     5 |       ||     7
         Maxwell's Capacit |       |       |       |       |       |     3 |     6 |    35 |     8 ||    52
         Chain Lightning   |       |       |       |       |       |       |    40 |    84 |    16 ||   140
         Bombard           |       |       |       |       |       |       |       |     3 |       ||     3
  Evoke: Wand              |       |     2 |     4 |       |     5 |     2 |     2 |     4 |     1 ||    20
    Use: Scroll            |       |       |    10 |     9 |     6 |    17 |     6 |    18 |       ||    66
         Potion            |       |       |     1 |     2 |     2 |    10 |       |    11 |     1 ||    27
   Stab: Sleeping          |       |       |       |     3 |       |       |       |       |       ||     3
         Distracted        |       |       |       |       |     1 |       |       |     1 |       ||     2
         Invisible         |       |       |       |       |       |     5 |     3 |    15 |     8 ||    31
 Armour: Robe              |     9 |    28 |    83 |    91 |    97 |   116 |   151 |   219 |    24 ||   818
  Dodge: Dodged            |     6 |    36 |   104 |   295 |   267 |   365 |   316 |   584 |    51 ||  2024
Riposte: Staff             |       |       |       |       |       |       |       |    71 |    16 ||    87

Table legend: (Time is in decaauts)
 A = Elapsed time spent in this place.
 B = Non-inter-level travel time spent in this place.
 C = Inter-level travel time spent in this place.
 D = Time resting spent in this place.
 E = Time spent auto-exploring this place.
 F = Levels seen in this place.
 G = Mean time per level.
                   A        B        C        D        E       F      G
               +--------+--------+--------+--------+--------+-----+--------+
         Total |  77395 |  69746 |   7649 |   9195 |  50704 |  52 | 1488.4 |
       Dungeon |  23128 |  20412 |   2716 |   2423 |  15451 |  15 | 1541.9 |
        Temple |     28 |      1 |     27 |      0 |      0 |   1 |   28.0 |
          Lair |   7011 |   6220 |    791 |    426 |   4968 |   5 | 1402.2 |
        Shoals |   5127 |   4901 |    226 |   1226 |   3006 |   4 | 1281.8 |
   Spider Nest |   6099 |   5089 |   1010 |    518 |   3741 |   4 | 1524.8 |
  Orcish Mines |   2909 |   2015 |    894 |    131 |   1474 |   2 | 1454.5 |
   Elven Halls |   4543 |   4203 |    340 |    213 |   3386 |   3 | 1514.3 |
        Vaults |  10396 |   9871 |    525 |   1075 |   7326 |   5 | 2079.2 |
        Depths |   8147 |   7660 |    487 |    873 |   5877 |   4 | 2036.8 |
           Zot |   8830 |   8201 |    629 |   2141 |   4944 |   5 | 1766.0 |
        Bazaar |     17 |     17 |      0 |      0 |      7 |   1 |   17.0 |
         Trove |    155 |    155 |      0 |      0 |     54 |   1 |  155.0 |
        Wizlab |    599 |    599 |      0 |    150 |    218 |   1 |  599.0 |
      Gauntlet |    399 |    399 |      0 |     17 |    251 |   1 |  399.0 |
               +--------+--------+--------+--------+--------+-----+--------+

Top non-repeatable levels by time:
Vaults:5: 3399 daAuts
   Zot:5: 2851 daAuts
Depths:2: 2818 daAuts
Depths:3: 2482 daAuts
     D:9: 2356 daAuts
    D:15: 2314 daAuts
Spider:1: 2246 daAuts
  Lair:5: 2207 daAuts
   Elf:3: 2178 daAuts
   Zot:4: 1956 daAuts
Vaults:2: 1951 daAuts
Depths:4: 1871 daAuts
Spider:4: 1849 daAuts
Vaults:4: 1782 daAuts
Vaults:3: 1781 daAuts
